 Dungeon Crawl Stone Soup version 0.30-a0-722-g3e6e8c874d (webtiles) character file.

Game seed: 10350650372490833710

3543402 sokol815 the Conqueror (level 27, 409/409 HPs)
             Began as a Minotaur Berserker on Jan 27, 2023.
             Was a High Priest of Trog.
             Escaped with the Orb
             ... and 5 runes!
             The game lasted 03:02:38 (60961 turns).

sokol815 the Conqueror (Minotaur Berserker)        Turns: 60961, Time: 03:02:39

Health: 409/409    AC: 32    Str: 38      XL:     27
Magic:  32/32      EV: 18    Int: 15      God:    Trog [*****.]
Gold:   7021       SH:  4    Dex:  8 (10) Spells: 28/28 levels left

rFire   + + .      SeeInvis .    c - +6 executioner's axe of Infinity {heavy, rElec rC+}
rCold   + + +      Faith    .    (shield currently unavailable)
rNeg    + + +      Spirit   .    x - +3 ice dragon scales of Midsummer {rF- rC++ rN+ Regen+ rCorr Str+2}
rPois   +          Reflect  .    k - +2 hat {Will+}
rElec   +          Harm     .    r - scarf {rC+ rF+}
rCorr   +          Rampage  ∞    Z - +0 pair of gloves of Ignis's Delight {rC+ rCorr Str+2 Int+2}
Will    +++++                    P - +3 pair of seven-league boots {Rampage+∞} Stlth
                                 e - amulet "Owesoul" {Acrobat Regen+ MP+9 Int+4 Dex-5}
HPRegen 2.48/turn                F - ring of Wugei {rF+ rN+ Str+4 Int+3 Stlth-}
MPRegen 0.23/turn                q - ring of the Invisible Hand {Fly rPois rF+ rN+ Str+3}

@: berserking, flying, studying 2 skills, very quick
A: horns 2, retaliatory headbutt, talons 1, large bone plates 1, deterioration
1, strong-willed 2, screaming 1, weak 1, wild magic 1
0: Orb of Zot
}: 5/15 runes: serpentine, barnacled, slimy, silver, abyssal
a: Renounce Religion, Berserk, Trog's Hand, Brothers in Arms


You escaped.
You worshipped Trog.
Trog was extremely pleased with you.
You visited 11 branches of the dungeon, and saw 55 of its levels.
You visited the Abyss 1 time.
You visited 2 bazaars.
You also visited: Ice Cave.

You collected 11037 gold pieces.
You spent 4016 gold pieces at shops.

Inventory:

Hand Weapons
 a - the +7 executioner's axe "Geat" {flame, +Blink rElec rCorr Int-4}
   (Trog gifted it to you on level 2 of the Orcish Mines)

   Int:       It affects your intelligence (-4).
   rElec:     It insulates you from electricity.
   +Blink:    It lets you blink.
   rCorr:     It protects you from acid and corrosion.
 b - the +10 glaive "Vulifoyd" {flame, *Corrode rF+++ Str+9 Int-3}
   (Trog gifted it to you on level 4 of the Shoals)

   Str:       It affects your strength (+9).
   Int:       It affects your intelligence (-3).
   rF:        It renders you almost immune to fire.
   *Corrode:  It may corrode you when you take damage.
 c - the +6 executioner's axe of Infinity (weapon) {heavy, rElec rC+}
   (Trog gifted it to you on level 2 of the Orcish Mines)

   rC:        It protects you from cold.
   rElec:     It insulates you from electricity.
Missiles
 f - 3 curare-tipped darts
 o - 8 silver javelins
 C - 26 javelins
Armour
 k - a +2 hat of willpower (worn)
   (You took it off Gastronok on level 8 of the Dungeon)
 n - the +4 Cigotuvi's embrace {Corpsefed rMiasma Drain rN+}
   (You bought it in a shop on level 2 of the Orcish Mines)

   Corpsefed: It gathers nearby corpses to temporarily increase the armour it
   provides.
   rMiasma:   It protects you from foul pestilence.
   rN:        It protects you from negative energy.
   Drain:     It drains your maximum health when unequipped.
 r - a scarf of resistance (worn)
   (You found it on level 15 of the Dungeon)
 x - the +3 ice dragon scales of Midsummer (worn) {rF- rC++ rN+ Regen+ rCorr Str+2}
   (You acquired it on level 2 of the Vaults)

   Str:       It affects your strength (+2).
   rF:        It makes you vulnerable to fire.
   rC:        It greatly protects you from cold.
   rN:        It protects you from negative energy.
   Regen:     It increases your rate of health regeneration.
   rCorr:     It protects you from acid and corrosion.
 y - a scarf of repulsion
   (You found it on level 2 of the Depths)
 P - the +3 pair of seven-league boots (worn) {Rampage+∞}
   (You found it on level 1 of the Realm of Zot)

   Rampage+∞: When moving toward enemies, its wearer moves as far as possible.
 Z - the +0 pair of gloves of Ignis's Delight (worn) {rC+ rCorr Str+2 Int+2}
   (You found it on level 5 of the Vaults)

   Str:       It affects your strength (+2).
   Int:       It affects your intelligence (+2).
   rC:        It protects you from cold.
   rCorr:     It protects you from acid and corrosion.
Jewellery
 e - the amulet "Owesoul" (around neck) {Acrobat Regen+ MP+9 Int+4 Dex-5}
   (You acquired it on level 4 of the Lair of Beasts)

   [amulet of the acrobat]

   It increases your evasion while moving and waiting.
   Int:       It affects your intelligence (+4).
   Dex:       It affects your dexterity (-5).
   MP:        It affects your magic capacity (+9).
   Regen:     It increases your rate of health regeneration.
 g - a ring of see invisible {sInv, !d}
   (You bought it in a shop on level 2 of the Elven Halls)
 q - the ring of the Invisible Hand (right hand) {Fly rPois rF+ rN+ Str+3}
   (You bought it in a shop on level 2 of the Elven Halls)

   [ring of flight]

   Str:       It affects your strength (+3).
   rF:        It protects you from fire.
   rPois:     It protects you from poison.
   rN:        It protects you from negative energy.
   Fly:       It grants you flight.
 u - an amulet of reflection
   (You found it on level 7 of the Dungeon)
 F - the ring of Wugei (left hand) {rF+ rN+ Str+4 Int+3 Stlth-}
   (You bought it in a shop on level 1 of the Elven Halls)

   [ring of positive energy]

   Str:       It affects your strength (+4).
   Int:       It affects your intelligence (+3).
   rF:        It protects you from fire.
   rN:        It protects you from negative energy.
   Stlth:     It makes you less stealthy.
 L - the ring of the Shining Light {*Slow rElec Str+4 Int+6}
   (You found it on level 5 of the Pits of Slime)

   [ring of intelligence]

   Str:       It affects your strength (+4).
   Int:       It affects your intelligence (+6).
   rElec:     It insulates you from electricity.
   *Slow:     It may slow you when you take damage.
Wands
 d - a wand of digging (33)
   (You took it off Duvessa on level 4 of the Dungeon)
 h - a wand of acid (36)
   (You found it on level 1 of the Snake Pit)
 i - a wand of iceblast (21)
   (You found it on level 12 of the Dungeon)
 j - a wand of polymorph (65)
   (You took it off Jessica on level 3 of the Dungeon)
 p - a wand of paralysis (42)
   (You found it on level 10 of the Dungeon)
Scrolls
 A - 8 scrolls of poison {!r}
 D - 9 scrolls of blinking {!r}
 E - 17 scrolls of fear
 K - 14 scrolls of immolation {!r}
 O - 4 scrolls of silence
 Q - 17 scrolls of fog
 S - 7 scrolls of summoning
 V - 8 scrolls of vulnerability {!r!r}
 X - 3 scrolls of magic mapping {@r4!r}
 Y - 22 scrolls of teleportation {@r3}
Potions
 t - 11 potions of attraction {!q}
 B - 5 potions of cancellation
 G - 6 potions of ambrosia {!q}
 H - 8 potions of haste
 I - 2 potions of invisibility
 J - 33 potions of curing {@q1}
 M - 12 potions of might
 N - 11 potions of heal wounds {@q2}
 R - 2 potions of resistance
 T - 3 potions of berserk rage {!q}
 U - 9 potions of mutation {!q}
Miscellaneous
 l - a condenser vane
   (You found it on level 5 of the Vaults)
 m - a phantom mirror
   (You found it on level 14 of the Dungeon)
 s - a tin of tremorstones (2/2)
   (You found it on level 5 of the Lair of Beasts)
 v - a lightning rod (4/4)
   (You found it on level 3 of the Crypt)
 w - a phial of floods
   (You found it on level 7 of the Dungeon)
 z - a box of beasts
   (You found it on level 1 of the Crypt)


   Skills:
 O Level 27 Fighting
 - Level 24.0 Axes
 * Level 19.9 Throwing
 + Level 26.4 Armour
 + Level 26.9 Dodging
 - Level 7.5 Shields
 - Level 1.2 Spellcasting
 + Level 16.5 Evocations


You had 28 spell levels left.
You didn't know any spells.
Your spell library was empty.

Dungeon Overview and Level Annotations

Branches:
Dungeon (15/15)            Temple (0/1) D:5            Lair (5/5) D:11
 Shoals (4/4) Lair:3        Snake (4/4) Lair:2        Slime (5/5) Lair:4
    Orc (2/2) D:12            Elf (3/3) Orc:2        Vaults (5/5) D:13
  Crypt (3/3) Vaults:3       Tomb (0/3) Crypt:3      Depths (4/4) D:15
    Zot (5/5) Depths:4      IceCv (visited)

Altars:
Cheibriados
Dithmenos
Elyvilon
Fedhas
Hepliaklqana
Kikubaaqudgha
Makhleb
Okawaru
Ru
Sif Muna
Trog
Wu Jian
Xom
Yredelemnul
Zin
The Shining One
Jiyva

Shops:
D:1 !   D:2 (   D:4 =   Orc:2 *([((   Elf:1 ?(==   Elf:2 =   Elf:3 :(*(
Shoals:2 (((?   Snake:2 [   Snake:4 :   Vaults:1 =   Vaults:2 *   Vaults:3 (
Vaults:4 ?   Depths:1 (

Portals:
Hell: Depths:1 Depths:2 Depths:3 Depths:4
Abyss: Depths:3 Depths:4
Pandemonium: Depths:2 Depths:3
Ziggurat: Depths:2

Annotations:
D:11 1 runed translucent door, Caer's ghost, journeyman MiMo
Vaults:3 2 transporters, Viffuud's ghost, master GrBe
Zot:3 3 runed translucent doors, Gofuck's ghost, veteran DgAE


Innate Abilities, Weirdness & Mutations

You have a pair of horns on your head.
You reflexively headbutt those who attack you in melee.
You have sharp toenails.
You are partially covered in large bone plates. (SH +4)
Your body sometimes deteriorates upon taking damage.
You are highly strong-willed. (Will++)
You occasionally shout uncontrollably at your foes.
You are weak. (Str -2)
Your spells are a little harder to cast, but a little more powerful.


Message History

You fly upwards.
There is a stone staircase leading down here.
Items here: ))))) [[.
There is a stone staircase leading up, spattered with blood here.
You fly upwards.
There is a stone staircase leading down here.
Things that are here:
a +0 robe; a +0 dagger
There is a stone staircase leading up here.
You fly upwards.
There is a stone staircase leading down here.
There is a stone staircase leading up here.
You fly upwards.
There is a stone staircase leading down here.
You see here a +0 dagger.
A green death comes into view.
The green death roars!
The green death gestures at you.
You slice the green death!! You headbutt the green death.
The green death barely misses you.
You barely miss the green death. Your headbutt misses the green death.
The green death gestures at you.
The blast of poison engulfs you but does no damage.
You are poisoned.
You resist.
You slice the green death!! Your headbutt misses the green death.
You feel very sick. The green death gestures at you.
The bolt of poison hits you! You resist.
You take 12 damage, and have 261/273 hp.
You hit the green death but do no damage.
You feel sick. The green death gestures at you.
The bolt of poison hits you but does no damage.
You are more poisoned.
You resist.
You slice the green death!!
You kill the green death!
Trog accepts your kill.
You feel very sick.
You take 4 damage, and have 257/273 hp.
No target in view!
No target in view!
You feel very sick.
You take 2 damage, and have 255/273 hp.
You feel very sick.
There is a stone staircase leading up here.
You take 1 damage, and have 254/273 hp.
You feel very sick.
You fly upwards.
You feel very sick.
There is a stone staircase leading down here.
You take 1 damage, and have 253/273 hp.
(D) Dungeon (T) Temple (L) Lair (A) Shoals (P) Snake Pit (M) Slime Pits (O) Orcish Mines (E) Elven Halls (V) Vaults (C) Crypt (W) Tomb (U) Depths (H) Hell (Z) Zot
Where to? (Enter - D:1, ? - help)
You feel sick.
You feel sick.
You feel sick.
You feel sick.
You feel sick.
You feel sick.
You feel sick.
You are no longer poisoned.
There is a stone staircase leading up here.
You fly upwards.
There is a stone staircase leading down here. 2 demonspawn corrupters come into view.
A demonspawn corrupter is wielding a +0 demon whip of flaming.
Health restored: 273 The demonspawn corrupter moves out of view.
The demonspawn corrupter shouts!
A shadow demon comes into view.
There is a stone staircase leading up here.
You fly upwards.
There is a stone staircase leading down here.
(D) Dungeon (T) Temple (L) Lair (A) Shoals (P) Snake Pit (M) Slime Pits (O) Orcish Mines (E) Elven Halls (V) Vaults (C) Crypt (W) Tomb (U) Depths (H) Hell (Z) Zot
Where to? (Enter - D:1, ? - help)
Okay, then.
Okay, then.
You see here a +0 whip.
Okay, then.
You can't see that place.
The rock shatters into small pieces.
You can't see that place.
The rock shatters into small pieces.
A glowing orange brain comes into view.
The glowing orange brain pulsates.
You resist with almost no effort.
There is a staircase leading out of the dungeon here.
A red film seems to cover your vision as you go berserk!
You feel yourself moving faster!
You feel mighty!
You now have 409/409 hp.
You feel a strong urge to attack something.
You have escaped!

.......# ##.....#
######.##♣♣♣♣♣♣♣♣♣.##
# #....♣.......♣.# #
#..##♣.PPPPP.♣.#
#####..##♣.P~~~P.♣.#
##.......♣.P~8~P.♣.#
...##....♣.P~~~P...#
...###...♣.PPPPP.♣.#
.......#.♣...G..@♣.#
##.#####.♣♣♣♣♣♣♣♣♣.#
#.# #.# #.# #.# #.#
#.# #.# #.# #.#
#†#####.#########.#
#.##..............#
#.......###########
####.####


You could see a glowing orange brain.

Vanquished Creatures
  Dissolution (Slime:2)
  the Royal Jelly (Slime:5)
  Khufu (Crypt:1)
  2 ancient liches
  A dread lich (Zot:4)
  2 orbs of fire (Zot:5)
  Mara (Snake:3)
  2 royal mummies
  Vv (Zot:4)
  The ghost of porpoise the Purifying Gargoyle, a veteran GrEE of Elyvilon (Depths:4)
  10 Killer Klowns
  Boris (Vaults:2)
  Xtahua (Depths:4)
  A curse toe (Zot:4)
  Vashnia (Snake:4)
  Jory (Vaults:3)
  11 golden dragons
  Nikola (Snake:1)
  A bone dragon (Depths:4)
  2 doom hounds (Zot:4)
  4 electric golems
  An iron giant (Depths:4)
  16 tentacled monstrosities
  Jorgrun (Elf:2)
  Zenata (Elf:2)
  2 walking earthen tomes (Depths:3)
  A lich (Crypt:1)
  23 Orb Guardians
  Mlioglotl (Snake:1)
  Grunn (Zot:4)
  2 deep elf blademasters (Elf:3)
  3 titans (Vaults:5)
  2 deep elf master archers (Elf:3)
  7 quicksilver dragons
  An Executioner (Abyss:2)
  7 sphinxes
  Polyphemus (Shoals:3)
  Frances (Shoals:2)
  10 death cobs
  Gastronok (D:8)
  4 ancient champions
  A tentacled starspawn (Abyss:2)
  22 acid blobs
  Kirke (Snake:3)
  Donald (Vaults:1)
  5 tengu reavers
  12 fire giants
  17 storm dragons
  3 nagarajas
  11 azure jellies
  Ilsuiw (Shoals:3)
  7 shadow dragons
  A fenstrider witch (Shoals:4)
  5 draconian monks
  2 deep elf sorcerers (Elf:3)
  20 rockslimes
  An iron dragon (Depths:1)
  18 vault wardens
  11 frost giants
  A juggernaut zombie (Crypt:2)
  Aizul (Snake:2)
  3 deep elf elementalists (Elf:3)
  4 ghost moths
  4 curse skulls
  2 draconian scorchers
  21 ironbound preservers
  4 ghouls
  4 war gargoyles (Vaults:5)
  2 draconian shifters
  2 draconian stormcallers
  10 stone giants
  4 orc warlords
  15 quicksilver oozes
  4 draconian annihilators
  22 very ugly things
  5 ironbound thunderhulks
  8 deep elf demonologists
  4 black draconians
  8 yellow draconians
  7 green draconians
  5 deep elf annihilators
  8 vampire knights
  6 purple draconians
  A spark wasp (shapeshifter) (Vaults:5)
  10 spark wasps
  6 red draconians
  4 dire elephants (Vaults:3)
  Azrael (D:15)
  9 white draconians
  4 eidola
  9 deep elf death magi
  2 green deaths
  26 ettins
  8 merfolk javelineers
  Josephine (Shoals:1)
  10 merfolk impalers
  4 mummy priests (Crypt:3)
  12 yaktaur captains
  5 deep elf high priests
  An entropy weaver (Vaults:5)
  7 jiangshi
  2 quicksilver dragon zombies
  A spriggan zombie (Crypt:1)
  3 fire dragons
  7 great orbs of eyes
  9 ice dragons
  35 vault guards
  3 salamander tyrants
  A hell beast (D:15)
  An ogre mage (Vaults:5)
  6 rakshasas
  2 spriggan skeletons (Crypt:1)
  3 alligator snapping turtles
  6 hydras
  Erolcha (Orc:2)
  10 centaur warriors
  A death knight (Crypt:1)
  2 spriggan air magi
  3 catoblepae
  Erica (D:11)
  9 ironbound frosthearts
  10 anacondas
  3 two-headed ogres
  4 boulder beetles
  2 merfolk avatars
  4 satyrs
  9 tengu warriors
  33 dancing weapons
  An Orb Guardian skeleton (Crypt:1)
  7 merfolk aquamancers
  6 deep troll earth magi
  10 deep troll shamans
  Urug (D:10)
  11 death yaks
  4 vampire magi
  22 naga sharpshooters
  An orc high priest (Orc:2)
  2 titan zombies
  10 naga warriors
  18 hell knights
  7 shock serpents
  3 spriggan berserkers
  2 titan skeletons (Crypt:1)
  2 sun demons (Depths:2)
  19 deep elf knights
  4 spriggans (Depths:4)
  2 soul eaters
  27 skeletal warriors
  A wretched star (Abyss:2)
  5 shadow wraiths
  6 iron trolls
  An anaconda zombie (Crypt:1)
  2 orb spiders
  A sixfirhy (Depths:2)
  3 salamander mystics
  16 sea snakes
  A ghost moth zombie (Crypt:2)
  58 deep trolls
  2 tengu zombies
  2 glowing orange brains
  4 naga ritualists
  A bunyip skeleton (Crypt:1)
  A golden dragon skeleton (Crypt:3)
  8 bog bodies
  8 flayed ghosts
  9 lindwurms
  10 deep elf archers
  13 necromancers
  13 orc knights
  3 orange crystal statues (IceCv)
  15 ironbound convokers
  9 phantasmal warriors
  7 wizards
  26 ugly things
  2 starcursed masses (Abyss:2)
  30 deep elf zephyrmancers
  14 harpies
  21 deep elf pyromancers
  A wolf spider (Lair:5)
  9 mana vipers
  A will-o-the-wisp (Abyss:2)
  5 shining eyes
  A stone giant zombie (Crypt:1)
  2 shadow dragon skeletons
  2 worldbinders (Abyss:2)
  11 fauns
  5 orc sorcerers
  28 moths of wrath
  15 manticores
  3 dire elephant zombies (Crypt:1)
  5 elephants
  30 black mambas
  13 salamanders
  9 cyclopes
  17 merfolk sirens
  5 water nymphs
  A centaur zombie (Crypt:1)
  A draconian skeleton (Crypt:1)
  3 eyes of devastation
  2 guardian serpents (Snake:1)
  14 naga magi
  An ice statue (Lair:4)
  A rust devil (Depths:2)
  123 slime creatures
  11 vault sentinels
  2 orange demons
  Maggie (Lair:1)
  2 centaur skeletons
  2 torpor snails (Lair:5)
  13 cane toads
  A kobold demonologist (D:9)
  23 yaktaurs
  An efreet (Abyss:1)
  5 rime drakes
  An alligator snapping turtle skeleton (Crypt:1)
  4 komodo dragons
  2 tengu conjurers
  A yellow draconian skeleton (Crypt:1)
  3 ice devils
  A death yak skeleton (Crypt:1)
  An ancient zyme (Abyss:1)
  5 freezing wraiths
  A minotaur skeleton (Crypt:3)
  A tormentor (Depths:2)
  An unseen horror skeleton (Crypt:1)
  3 polar bears
  2 silent spectres
  34 guardian mummies (Crypt:3)
  10 trolls
  A harpy zombie (Crypt:1)
  27 merfolk
  2 tarantellas (Zot:1)
  7 hornets
  5 large abominations
  4 wind drakes
  9 blink frogs
  A hydra skeleton (Crypt:3)
  2 hellwings (Depths:2)
  A polar bear (shapeshifter) (Elf:2)
  15 snapping turtles
  8 dream sheep (Lair:5)
  A guardian serpent skeleton (Crypt:2)
  A deep troll skeleton (Vaults:4)
  2 jumping spiders (Zot:1)
  3 centaur simulacra (D:12)
  2 shadows (D:12)
  4 flying skulls (Crypt:1)
  59 yaks
  An ice dragon skeleton (Crypt:1)
  An air elemental (Elf:1)
  3 vampires
  Eustachio (D:4)
  4 wyverns
  A ynoxinul (Abyss:2)
  19 water elementals
  9 ushabtiu (Crypt:3)
  10 wraiths
  A fire elemental (D:15)
  5 hogs (Snake:3)
  2 small abominations
  3 basilisks
  29 golden eyes
  15 vampire mosquitoes
  3 neqoxecs
  2 chaos spawn (Abyss:2)
  Edmund (D:6)
  4 steam dragons
  2 harpy simulacra
  A fire bat zombie (Crypt:3)
  4 acid dragons
  5 wargs
  33 nagas
  7 water moccasins
  A glowing shapeshifter zombie (Crypt:2)
  2 naga zombies
  A glowing shapeshifter skeleton (Crypt:1)
  A hell hound (Abyss:1)
  4 ice beasts
  3 floating eyes
  Duvessa (D:4)
  A cane toad skeleton (Crypt:3)
  38 orc warriors
  An ogre (shapeshifter) (Vaults:5)
  5 black bears
  2 great orb of eyes simulacra (IceCv)
  19 wolves
  9 ogres
  14 centaurs
  2 human skeletons
  A phantom (D:5)
  3 slime creature simulacra (IceCv)
  A yaktaur zombie (Crypt:1)
  3 earth elementals (Elf:1)
  A gnoll sergeant (D:9)
  A cyclops zombie (Depths:2)
  14 bullfrogs
  5 necrophages
  A cane toad simulacrum (Lair:4)
  7 glowing shapeshifter simulacra (IceCv)
  3 scorpions
  A wyvern zombie (Crypt:1)
  6 wights (D:7)
  Dowan (D:4)
  A queen bee zombie (Crypt:3)
  2 killer bees (D:9)
  A howler monkey (D:8)
  4 electric eels
  A wolf skeleton (Crypt:2)
  A quasit (Abyss:1)
  A bullfrog skeleton (Crypt:2)
  A gnoll bouda (D:7)
  24 orc priests
  4 hounds
  2 jellies
  An iron imp (Abyss:2)
  Ijyb (D:4)
  Jessica (D:3)
  2 iguanas
  31 orc wizards
  Terence (D:2)
  A scorpion zombie (Crypt:2)
  A troll simulacrum (Lair:4)
  A polar bear simulacrum (Lair:4)
  An ice beast zombie (Crypt:1)
  A naga skeleton (Crypt:1)
  7 mummies
  Robin (D:2)
  6 gnolls
  9 adders
  A shadow imp (D:7)
  6 white imps
  4 ufetubi
  A lava snake zombie (Crypt:3)
  2 worms
  2 dart slugs
  110 orcs
  6 ball pythons
  A bat zombie (Crypt:3)
  6 endoplasms
  5 giant cockroaches
  19 goblins
  11 hobgoblins
  3 jackals (D:2)
  6 quokkas
  4 bats
  5 frilled lizards
  10 kobolds
  A quokka zombie (Crypt:1)
  7 rats
2396 creatures vanquished.

Vanquished Creatures (collateral kills)
  An orb of fire (Zot:5)
  2 juggernauts
  Saint Roka (Orc:2)
  An iron giant (Depths:3)
  A tentacled monstrosity (Zot:5)
  3 Orb Guardians (Zot:5)
  2 nagarajas (Snake:4)
  A dire elephant (Lair:5)
  A fire dragon (Depths:1)
  A rakshasa (D:15)
  A catoblepas (D:15)
  2 death yaks (Lair:5)
  A naga warrior (Snake:4)
  A death yak (shapeshifter) (Depths:3)
  Sonja (Lair:2)
  A titan zombie (Depths:2)
  5 naga sharpshooters (Snake:4)
  A salamander mystic (Snake:4)
  A deep troll (Vaults:3)
  A deep elf zephyrmancer (Elf:2)
  2 orc knights (Vaults:3)
  An ugly thing (Depths:1)
  A stone giant zombie (Depths:2)
  A salamander (Snake:4)
  A cyclops (Orc:1)
  A moth of wrath (Zot:5)
  2 black mambas
  A cane toad (Lair:5)
  A rime drake (Lair:5)
  A dream sheep (Lair:5)
  3 fire elementals (D:15)
  A warg (Orc:2)
  3 nagas (Snake:4)
  7 orc warriors
  5 orc priests
  4 orc wizards (Orc:1)
  11 orcs
75 creatures vanquished.

Vanquished Creatures (others)
  A fire dragon (Depths:4)
  A polar bear (Lair:4)
  An orc priest (Vaults:5)
  4 orcs
  11 fungi
  A lurking horror (Abyss:1)
  104 plants
  2 starspawn tentacles (Abyss:2)
125 creatures vanquished.

Grand Total: 2596 creatures vanquished

Notes
Turn   | Place    | Note
-------+----------+-------------------------------------------
     0 | D:1      | sokol815 the Minotaur Berserker began the quest for the
                  | Orb.
     0 | D:1      | Reached XP level 1. HP: 19/19 MP: 0/0
    95 | D:1      | Reached skill level 4 in Axes
   117 | D:1      | Reached XP level 2. HP: 20/26 MP: 1/1
   149 | D:1      | Found Rilisoj's Distillery.
   502 | D:1      | Reached skill level 5 in Axes
   538 | D:1      | Reached XP level 3. HP: 28/31 MP: 2/2
   720 | D:2      | Found Bischy Ugat's Weapon Shop.
   724 | D:2      | Reached ** piety under Trog
   906 | D:2      | Noticed Terence
   914 | D:2      | Reached skill level 6 in Axes
   914 | D:2      | Reached XP level 4. HP: 39/39 MP: 3/3
   914 | D:2      | Killed Terence
  1223 | D:2      | Found a burning altar of Makhleb.
  1303 | D:2      | Noticed Robin
  1314 | D:2      | Killed Robin
  1510 | D:3      | Reached XP level 5. HP: 45/45 MP: 4/4
  1592 | D:3      | Reached skill level 7 in Axes
  1689 | D:3      | Noticed Jessica
  1696 | D:3      | Killed Jessica
  1703 | D:3      | Reached *** piety under Trog
  1884 | D:3      | Found a shimmering blue altar of Sif Muna.
  1931 | D:4      | Noticed an ogre
  1937 | D:4      | Killed an ogre
  1938 | D:4      | Reached skill level 8 in Axes
  1938 | D:4      | Reached XP level 6. HP: 51/51 MP: 5/5
  2083 | D:4      | Noticed Duvessa
  2083 | D:4      | Noticed Dowan
  2093 | D:4      | Killed Duvessa
  2094 | D:4      | Reached skill level 9 in Axes
  2097 | D:4      | Killed Dowan
  2176 | D:4      | Found a glowing silver altar of Zin.
  2186 | D:4      | Noticed Eustachio
  2187 | D:4      | Found Haheck's Jewellery Shoppe.
  2199 | D:4      | Killed Eustachio
  2200 | D:4      | Reached skill level 10 in Axes
  2200 | D:4      | Reached XP level 7. HP: 57/57 MP: 6/6
  2228 | D:4      | Found a snail-covered altar of Cheibriados.
  2671 | D:4      | Found a white marble altar of Elyvilon.
  2719 | D:4      | Noticed Ijyb
  2816 | D:5      | Entered Level 5 of the Dungeon
  2920 | D:5      | Found a bloodstained altar of Trog.
  2934 | D:5      | Reached skill level 11 in Axes
  3130 | D:5      | Reached XP level 8. HP: 64/64 MP: 7/7
  3343 | D:5      | Found a staircase to the Ecumenical Temple.
  3358 | D:5      | Reached skill level 12 in Axes
  3666 | D:5      | You fall into a shaft and drop 1 floor!
  3789 | D:5      | Found a hazy altar of Hepliaklqana.
  3789 | D:5      | Found an ornate altar of the Wu Jian Council.
  4191 | D:6      | Reached skill level 13 in Axes
  4207 | D:6      | Reached skill level 14 in Axes
  4207 | D:6      | Reached skill level 1 in Spellcasting
  4207 | D:6      | Reached XP level 9. HP: 32/70 MP: 7/9
  4210 | D:6      | Reached skill level 1 in Shields
  4472 | D:6      | Reached skill level 4 in Fighting
  4477 | D:6      | Reached skill level 2 in Shields
  4757 | D:6      | Noticed Edmund
  4764 | D:6      | Killed Edmund
  4765 | D:6      | Reached skill level 3 in Armour
  4951 | D:6      | Gained mutation: You are strong-willed. (Will+) [potion of
                  | mutation]
  4951 | D:6      | Gained mutation: You occasionally lose the ability to read
                  | scrolls when taking damage. [potion of mutation]
  4951 | D:6      | Gained mutation: You have hidden genetic potential. [potion
                  | of mutation]
  5131 | D:6      | Reached skill level 3 in Dodging
  5235 | D:7      | Reached skill level 3 in Shields
  5573 | D:7      | Reached skill level 4 in Shields
  5681 | D:7      | HP: 25/103 [gnoll/+0 spear[a gnoll bouda] (2)]
  5683 | D:7      | Reached skill level 5 in Fighting
  5683 | D:7      | Reached skill level 4 in Armour
  5687 | D:7      | HP: 17/111 [gnoll/+0 spear[a gnoll bouda] (4)]
  5871 | D:7      | Noticed a manticore
  5873 | D:7      | Reached skill level 5 in Shields
  5884 | D:6      | Reached skill level 4 in Dodging
  5981 | D:6      | Killed a manticore
  6159 | D:7      | Reached skill level 5 in Armour
  6159 | D:7      | Reached skill level 6 in Shields
  6245 | D:7      | Reached XP level 10. HP: 75/83 MP: 10/10
  6299 | D:7      | Reached skill level 6 in Fighting
  6302 | D:7      | Reached **** piety under Trog
  6302 | D:7      | Noticed a two-headed ogre
  6306 | D:6      | Gained mutation: You have sharp toenails. [hidden
                  | potential]
  6403 | D:7      | Killed a two-headed ogre
  6404 | D:7      | Reached skill level 5 in Dodging
  6404 | D:7      | Reached skill level 7 in Shields
  6828 | D:7      | Found a blossoming altar of Fedhas.
  6831 | D:7      | Found a shimmering altar of Xom.
  6831 | D:7      | Found an iron altar of Okawaru.
  6833 | D:7      | Found a shimmering altar of Xom.
  6833 | D:7      | Found a glowing golden altar of the Shining One.
  6833 | D:7      | Found a blossoming altar of Fedhas.
  6997 | D:8      | Noticed a two-headed ogre
  7002 | D:8      | Killed a two-headed ogre
  7003 | D:8      | Reached skill level 6 in Armour
  7157 | D:8      | Found an ancient bone altar of Kikubaaqudgha.
  7228 | D:8      | Reached skill level 7 in Fighting
  7235 | D:8      | Noticed Gastronok
  7246 | D:8      | Killed Gastronok
  7247 | D:8      | Reached skill level 6 in Dodging
  7419 | D:8      | Reached skill level 7 in Armour
  7618 | D:8      | Reached XP level 11. HP: 92/92 MP: 11/11
  7999 | D:9      | Reached skill level 15 in Axes
  8016 | D:9      | Gained mutation: You are partially covered in large bone
                  | plates. (SH +4) [hidden potential]
  8016 | D:9      | Lost mutation: You have hidden genetic potential. [hidden
                  | potential expressed]
  8038 | D:9      | Noticed a centaur warrior
  8047 | D:9      | Killed a centaur warrior
  8151 | D:9      | Reached skill level 8 in Fighting
  8215 | D:9      | Reached skill level 7 in Dodging
  8582 | D:10     | Entered Level 10 of the Dungeon
  8739 | D:10     | Reached skill level 8 in Armour
  8739 | D:10     | Reached ***** piety under Trog
  8799 | D:10     | Found a shadowy altar of Dithmenos.
  8961 | D:10     | Noticed Urug
  8969 | D:10     | Killed Urug
  8970 | D:10     | Reached skill level 1 in Evocations
  9423 | D:11     | Reached skill level 16 in Axes
  9432 | D:11     | Reached skill level 2 in Evocations
  9450 | D:11     | Noticed a two-headed ogre
  9454 | D:11     | Killed a two-headed ogre
  9455 | D:11     | Reached skill level 9 in Fighting
  9459 | D:11     | Found a staircase to the Lair.
  9510 | D:11     | Noticed a boulder beetle
  9511 | D:11     | Noticed Erica
  9523 | D:11     | Killed Erica
  9537 | D:11     | Killed a boulder beetle
  9538 | D:11     | Reached skill level 8 in Dodging
  9538 | D:11     | Reached skill level 3 in Evocations
  9538 | D:11     | Reached XP level 12. HP: 46/104 MP: 12/12
  9716 | D:11     | Found a runed translucent door.
  9716 | D:11     | Noticed Caer's ghost (journeyman MiMo)
 10324 | D:12     | Found a flickering gateway to a bazaar.
 10343 | Bazaar   | Entered a bazaar
 10343 | Bazaar   | Found Qonoem's Antique Weapon Emporium.
 10343 | Bazaar   | Found Vuuhae's General Store.
 10343 | Bazaar   | Found Heinlaf's Jewellery Shoppe.
 10343 | Bazaar   | Found Puarph's General Store.
 10395 | Bazaar   | Found Toameurr's Armour Shoppe.
 10395 | Bazaar   | Found Siyt's Book Boutique.
 10411 | Bazaar   | Bought a scroll of identify for 14 gold pieces
 10466 | D:12     | Reached skill level 9 in Armour
 10550 | D:12     | Found a staircase to the Orcish Mines.
 10560 | D:12     | Noticed a boulder beetle
 10574 | D:12     | Killed a boulder beetle
 10910 | D:12     | Reached skill level 4 in Evocations
 11600 | Orc:1    | Entered Level 1 of the Orcish Mines
 11834 | Orc:2    | Entered Level 2 of the Orcish Mines
 11834 | Orc:2    | Found a staircase to the Elven Halls.
 11843 | Orc:2    | Reached skill level 17 in Axes
 11845 | Orc:2    | Reached skill level 5 in Evocations
 11991 | Orc:2    | Reached skill level 10 in Fighting
 12026 | Orc:2    | Noticed Saint Roka
 12037 | Orc:2    | Reached ****** piety under Trog
 12041 | Orc:2    | HP: 19/106 [Saint Roka/divine providence (10)]
 12072 | Orc:2    | HP: 21/106 [Saint Roka/+3 glaive of venom (36)]
 12077 | Orc:2    | HP: 19/106 [poisoned by Saint Roka]
 12082 | Orc:2    | HP: 21/106 [poisoned by Saint Roka]
 12087 | Orc:2    | HP: 24/106 [poisoned by Saint Roka]
 12188 | Orc:2    | Noticed Erolcha
 12194 | Orc:2    | Killed Erolcha
 12195 | Orc:2    | Reached skill level 9 in Dodging
 12198 | Orc:2    | Identified the +6 executioner's axe of Infinity {heavy,
                  | rElec rC+} (Trog gifted it to you on level 2 of the Orcish
                  | Mines)
 12198 | Orc:2    | Received a gift from Trog
 12208 | Orc:2    | Killed Saint Roka
 12209 | Orc:2    | Reached skill level 10 in Armour
 12219 | Orc:2    | Reached XP level 13. HP: 106/114 MP: 13/13
 12224 | Orc:2    | Reached skill level 6 in Evocations
 12229 | Orc:2    | Found Zaridub's General Store.
 12238 | Orc:2    | Bought a scroll of identify for 36 gold pieces
 12317 | Orc:2    | Found Udghudumy's Antique Weapon Emporium.
 12524 | Orc:2    | Noticed an orc warlord
 12541 | Orc:2    | Found Viam's Antique Weapon Shop.
 12549 | Orc:2    | Killed an orc warlord
 12588 | Orc:2    | Found Attahir's Antique Armour Boutique.
 12686 | Orc:2    | Identified the +7 executioner's axe "Geat" {flame, +Blink
                  | rElec rCorr Int-4} (Trog gifted it to you on level 2 of the
                  | Orcish Mines)
 12686 | Orc:2    | Received a gift from Trog
 12770 | Orc:2    | Found Jizxi's Weapon Shop.
 13208 | Orc:1    | Reached skill level 18 in Axes
 13213 | Orc:1    | Reached skill level 11 in Fighting
 13530 | Lair:1   | Entered Level 1 of the Lair of Beasts
 13539 | Lair:1   | Identified 2 scrolls of acquirement
 13873 | Lair:1   | Noticed Maggie
 13879 | Lair:1   | Killed Maggie
 13880 | Lair:1   | Reached skill level 10 in Dodging
 14077 | Lair:1   | Reached skill level 11 in Armour
 14239 | Lair:1   | You fall into a shaft and drop 1 floor!
 14381 | Lair:2   | Identified the +8 rapier of Bikifiq {venom, Fragile rElec
                  | Str+3 Dex+3}
 14813 | Lair:2   | Found a staircase to the Snake Pit.
 14987 | Lair:2   | Noticed Sonja
 14989 | Lair:2   | Received a gift from Trog
 15005 | Lair:2   | Killed Sonja
 15511 | Lair:3   | Reached skill level 19 in Axes
 15668 | Lair:3   | Reached XP level 14. HP: 104/108 MP: 14/14
 15838 | Lair:3   | Reached skill level 12 in Fighting
 16004 | Lair:3   | Found a staircase to the Shoals.
 16258 | Lair:4   | Found a staircase to the Slime Pits.
 16258 | Lair:4   | Found a viscous altar of Jiyva.
 16296 | Lair:4   | Acquired a manual of Fighting
 16298 | Lair:4   | Acquired the amulet "Owesoul" {Acrobat Regen+ MP+9 Int+4
                  | Dex-5}
 16570 | Lair:4   | Identified the ring "Mitok" {rElec Will- EV+5 Dex+4}
 16926 | Lair:4   | Reached skill level 1 in Throwing
 17026 | Lair:4   | Reached skill level 2 in Throwing
 17092 | Lair:4   | Reached skill level 11 in Dodging
 17329 | Lair:5   | Entered Level 5 of the Lair of Beasts
 17346 | Lair:5   | Reached skill level 12 in Armour
 17456 | Lair:5   | Reached skill level 3 in Throwing
 17817 | Lair:5   | Reached skill level 13 in Fighting
 17821 | Lair:5   | Reached skill level 4 in Throwing
 17874 | Lair:5   | Reached skill level 20 in Axes
 18513 | D:13     | Reached skill level 5 in Throwing
 19144 | D:13     | Found a gate to the Vaults.
 19190 | D:14     | Reached XP level 15. HP: 136/137 MP: 15/15
 19192 | D:14     | Reached skill level 14 in Fighting
 20229 | D:15     | Entered Level 15 of the Dungeon
 20248 | D:15     | Reached skill level 6 in Throwing
 20266 | D:15     | Noticed Azrael
 20276 | D:15     | Killed Azrael
 20339 | D:15     | Acquired a manual of Shields
 20392 | D:15     | Received a gift from Trog
 20409 | D:15     | Reached skill level 15 in Fighting
 20479 | D:15     | Found a sacrificial altar of Ru.
 20673 | D:15     | Reached skill level 13 in Armour
 20836 | D:15     | Found a staircase to the Depths.
 21173 | Snake:1  | Entered Level 1 of the Snake Pit
 21173 | Snake:1  | Noticed Nikola
 21181 | Snake:1  | Killed Nikola
 21182 | Snake:1  | Reached skill level 12 in Dodging
 21287 | Snake:1  | Reached skill level 7 in Throwing
 21635 | Snake:1  | Noticed a nagaraja
 21645 | Snake:1  | Killed a nagaraja
 22034 | Snake:1  | Reached skill level 16 in Fighting
 22060 | Snake:1  | Noticed Mlioglotl
 22065 | Snake:1  | Killed Mlioglotl
 22626 | Snake:1  | Reached skill level 21 in Axes
 23150 | Snake:2  | Found a frozen archway.
 23220 | IceCv    | Entered an ice cave
 23276 | IceCv    | Reached skill level 8 in Throwing
 23310 | IceCv    | Noticed an azure jelly
 23478 | IceCv    | Reached XP level 16. HP: 100/154 MP: 16/16
 23531 | IceCv    | Found a viscous altar of Jiyva.
 23537 | IceCv    | Reached skill level 17 in Fighting
 23779 | IceCv    | Identified the +0 helmet of the Pink Corner {Int+3}
 24007 | Snake:2  | Noticed Aizul
 24019 | Snake:2  | Killed Aizul
 24042 | Snake:2  | Found Uthengai's Armour Boutique.
 24636 | Snake:3  | Reached skill level 18 in Fighting
 24639 | Snake:3  | Received a gift from Trog
 24662 | Snake:3  | Found a flickering gateway to a bazaar.
 24679 | Snake:3  | Reached skill level 14 in Armour
 24693 | Bazaar   | Entered a bazaar
 24693 | Bazaar   | Found Toha's Book Emporium.
 24693 | Bazaar   | Found Qeudyozy's Jewellery Boutique.
 24722 | Bazaar   | Found Larin's Armour Shop.
 24731 | Bazaar   | Found Xuwos's Weapon Shop.
 24745 | Bazaar   | Found Oteptuxuri's General Store.
 25057 | Orc:2    | Bought the +4 Cigotuvi's embrace {Corpsefed rMiasma Drain
                  | rN+} for 745 gold pieces
 25057 | Orc:2    | Found the +4 Cigotuvi's embrace {Corpsefed rMiasma Drain
                  | rN+}
 25285 | D:4      | Bought a +4 ring of slaying for 936 gold pieces
 25326 | D:4      | Killed Ijyb
 26019 | Snake:3  | Reached skill level 13 in Dodging
 26202 | Snake:3  | Reached skill level 22 in Axes
 26208 | Snake:3  | Reached skill level 19 in Fighting
 26319 | Snake:3  | Noticed Mara
 26329 | Snake:3  | Noticed sokol815's illusion
 26330 | Snake:3  | Killed Mara
 26460 | Snake:3  | Noticed Kirke
 26472 | Snake:3  | Killed Kirke
 26909 | Snake:4  | Entered Level 4 of the Snake Pit
 27153 | Snake:4  | Found a basalt altar of Yredelemnul.
 27223 | Snake:4  | Received a gift from Trog
 27319 | Snake:4  | Reached XP level 17. HP: 137/170 MP: 17/17
 27379 | Snake:4  | Reached skill level 20 in Fighting
 27389 | Snake:4  | HP: 39/170 [naga sharpshooter/bolt (21)]
 27590 | Snake:4  | Noticed Vashnia
 27607 | Snake:4  | Killed Vashnia
 27609 | Snake:4  | Reached skill level 15 in Armour
 27736 | Snake:4  | Found Xiaqi's Tremendous Tomes.
 28351 | Snake:4  | Reached skill level 23 in Axes
 28412 | Snake:4  | Got a serpentine rune of Zot
 28680 | Vaults:1 | Entered Level 1 of the Vaults
 28710 | Vaults:1 | Reached skill level 14 in Dodging
 28842 | Vaults:1 | You fall into a shaft and drop 1 floor!
 29103 | Vaults:2 | Found Lafiq's General Store.
 29140 | Vaults:1 | Reached skill level 21 in Fighting
 29189 | Vaults:1 | Noticed Donald
 29196 | Vaults:1 | Killed Donald
 29643 | Vaults:1 | HP: 42/173 [vault guard/+0 halberd[a vault warden] (14)]
 29798 | Vaults:1 | Reached XP level 18. HP: 171/182 MP: 18/18
 30027 | Vaults:1 | Found Wefir's Jewellery Boutique.
 30511 | Vaults:2 | Reached skill level 24 in Axes
 30511 | Vaults:2 | Reached skill level 16 in Armour
 30517 | Vaults:2 | Received a gift from Trog
 30571 | Vaults:2 | Noticed Boris
 30581 | Vaults:2 | Killed Boris
 30833 | Vaults:2 | Reached skill level 22 in Fighting
 31009 | Vaults:2 | Reached skill level 15 in Dodging
 31170 | Vaults:2 | Acquired the +3 ice dragon scales of Midsummer {rF- rC++
                  | rN+ Regen+ rCorr Str+2}
 31264 | Vaults:1 | Bought a ring of fire for 475 gold pieces
 31415 | Vaults:3 | Noticed Jory
 31426 | Vaults:3 | Killed Jory
 31939 | Vaults:3 | Found Saeffuew's Weapon Shop.
 32088 | Vaults:3 | Reached skill level 17 in Armour
 32130 | Vaults:3 | Found a transporter.
 32138 | Vaults:3 | Noticed Viffuud's ghost (master GrBe)
 32140 | Vaults:3 | Found a bloodstained altar of Trog.
 32147 | Vaults:3 | Found a transporter.
 32147 | Vaults:3 | Identified the ring of Ynnuitauff {MP+9 Str+3}
 32200 | Vaults:3 | Reached skill level 23 in Fighting
 32200 | Vaults:3 | Reached XP level 19. HP: 195/195 MP: 19/19
 32239 | Vaults:3 | Found a staircase to the Crypt.
 32282 | Vaults:3 | Received a gift from Trog
 32736 | Vaults:4 | Reached skill level 16 in Dodging
 33348 | Vaults:4 | Found Asias's Magic Scroll Shoppe.
 33502 | Vaults:4 | Identified the +1 robe "Ypol" {-Cast rN+++ Regen+}
 33808 | Elf:1    | Entered Level 1 of the Elven Halls
 33823 | Elf:1    | Received a gift from Trog
 33876 | Elf:1    | Found Asetsug's Jewellery Emporium.
 33879 | Elf:1    | Bought a ring of protection from fire for 475 gold pieces
 33960 | Elf:1    | You fall into a shaft and drop 1 floor!
 33960 | Elf:2    | Noticed Zenata
 33968 | Elf:2    | Found a transporter.
 33975 | Elf:2    | Found a transporter.
 34295 | Elf:1    | Reached skill level 24 in Fighting
 34517 | Elf:1    | Received a gift from Trog
 34620 | Elf:1    | Found Fieryar's Magic Scroll Emporium.
 34622 | Elf:1    | Found Akkois's Antique Weapon Shoppe.
 34624 | Elf:1    | Found Taqocw's Jewellery Emporium.
 34632 | Elf:1    | Bought the ring of Wugei {rF+ rN+ Str+4 Int+3 Stlth-} for
                  | 662 gold pieces
 34823 | Elf:1    | Reached skill level 18 in Armour
 34824 | Elf:1    | Found a runed translucent gate.
 34824 | Elf:1    | Found a runed translucent gate.
 34824 | Elf:1    | Found a runed translucent gate.
 34824 | Elf:1    | Found a runed translucent gate.
 34824 | Elf:1    | Found a runed translucent gate.
 34839 | Elf:1    | Found a runed translucent gate.
 34847 | Elf:1    | Received a gift from Trog
 34855 | Elf:1    | Identified the +0 chain mail of Spring {Dex+3}
 35241 | Elf:2    | Found a transporter.
 35301 | Elf:2    | Found a transporter.
 35308 | Elf:2    | Found a transporter.
 35406 | Elf:2    | Found Gecatib's Jewellery Shoppe.
 35414 | Elf:2    | Bought the ring of the Invisible Hand {Fly rPois rF+ rN+
                  | Str+3} for 508 gold pieces
 35421 | Elf:2    | Bought a ring of see invisible for 165 gold pieces
 35509 | Elf:2    | Found a transporter.
 35538 | Elf:2    | Found a runed translucent gate.
 35539 | Elf:2    | Found a runed translucent gate.
 35539 | Elf:2    | Found a runed translucent gate.
 35667 | Elf:2    | Noticed Jorgrun
 35672 | Elf:2    | Reached XP level 20. HP: 202/209 MP: 20/20
 35674 | Elf:2    | Killed Jorgrun
 35682 | Elf:2    | Reached skill level 17 in Dodging
 35831 | Elf:2    | HP: 76/313 [poisoned by a +0 glaive of venom]
 35834 | Elf:2    | Reached skill level 25 in Fighting
 35834 | Elf:2    | Killed Zenata
 35836 | Elf:2    | HP: 51/315 [poisoned by a +0 glaive of venom]
 35839 | Elf:2    | Received a gift from Trog
 35841 | Elf:2    | HP: 37/315 [poisoned by a +0 glaive of venom]
 35846 | Elf:2    | HP: 37/210 [poisoned by a +0 glaive of venom]
 36208 | Shoals:1 | Entered Level 1 of the Shoals
 36499 | Shoals:1 | Reached skill level 9 in Throwing
 36499 | Shoals:1 | Reached XP level 21. HP: 217/217 MP: 21/21
 36669 | Shoals:1 | Noticed Josephine
 36677 | Shoals:1 | Killed Josephine
 37086 | Shoals:2 | Received a gift from Trog
 37117 | Shoals:2 | Found Ujoubiha's Weapon Shop.
 37176 | Shoals:2 | Reached skill level 19 in Armour
 37482 | Shoals:2 | Found Qaur's Antique Weapon Emporium.
 37488 | Shoals:2 | Noticed Frances
 37497 | Shoals:2 | Killed Frances
 37639 | Shoals:2 | Found Pilij's Antique Weapon Shop.
 37797 | Shoals:2 | Found Duryadul's Magic Scroll Boutique.
 38173 | Shoals:3 | Noticed Ilsuiw
 38184 | Shoals:3 | Killed Ilsuiw
 38272 | Shoals:3 | Noticed Polyphemus
 38294 | Shoals:3 | Reached skill level 26 in Fighting
 38339 | Shoals:3 | Killed Polyphemus
 38883 | Shoals:4 | Entered Level 4 of the Shoals
 38952 | Shoals:4 | Identified the +10 glaive "Vulifoyd" {flame, *Corrode rF+++
                  | Str+9 Int-3} (Trog gifted it to you on level 4 of the
                  | Shoals)
 38952 | Shoals:4 | Received a gift from Trog
 38953 | Shoals:4 | HP: 82/331 [poisoned by a merfolk impaler]
 38958 | Shoals:4 | HP: 71/331 [poisoned by a merfolk impaler]
 38963 | Shoals:4 | HP: 46/221 [poisoned by a merfolk impaler]
 38964 | Shoals:4 | Got a barnacled rune of Zot
 39059 | Shoals:4 | Reached skill level 18 in Dodging
 40262 | Crypt:1  | Entered Level 1 of the Crypt
 40277 | Crypt:1  | Received a gift from Trog
 40343 | Crypt:1  | Reached XP level 22. HP: 216/231 MP: 22/22
 40413 | Crypt:1  | Reached skill level 10 in Throwing
 40423 | Crypt:1  | Reached skill level 7 in Evocations
 40484 | Crypt:1  | Received a gift from Trog
 41190 | Crypt:2  | Noticed a royal mummy
 41191 | Crypt:2  | Noticed Khufu
 41290 | Crypt:1  | Killed a royal mummy
 41350 | Crypt:1  | Reached skill level 20 in Armour
 41399 | Crypt:1  | Killed Khufu
 41480 | Crypt:2  | Reached skill level 27 in Fighting
 41504 | Crypt:2  | Received a gift from Trog
 41620 | Crypt:2  | Reached skill level 11 in Throwing
 42051 | Crypt:2  | dragoon: sokol up late crawlin
 42083 | Crypt:3  | Entered Level 3 of the Crypt
 42236 | Crypt:3  | Reached skill level 8 in Evocations
 42243 | Crypt:3  | sokol815: yo
 42252 | Crypt:3  | Found a staircase to the Tomb.
 42341 | Crypt:3  | Identified the +12 hand axe "Qanath" {flame, rPois} (Trog
                  | gifted it to you on level 3 of the Crypt)
 42341 | Crypt:3  | Received a gift from Trog
 43063 | Crypt:3  | Reached skill level 12 in Throwing
 43186 | Crypt:3  | Noticed a royal mummy
 43202 | Crypt:3  | Killed a royal mummy
 43203 | Crypt:3  | Reached skill level 19 in Dodging
 43900 | Vaults:5 | Entered Level 5 of the Vaults
 43905 | Vaults:5 | Identified the +5 broad axe of Onuunn {antimagic, rC+
                  | rCorr} (Trog gifted it to you on level 5 of the Vaults)
 43905 | Vaults:5 | Received a gift from Trog
 43906 | Vaults:5 | Reached XP level 23. HP: 182/240 MP: 23/23
 44062 | Vaults:5 | Reached skill level 13 in Throwing
 44171 | Vaults:5 | Reached skill level 9 in Evocations
 44259 | Vaults:5 | Received a gift from Trog
 44300 | Vaults:5 | Reached skill level 21 in Armour
 44327 | Vaults:5 | Identified the +4 glaive of Autumn {freeze, *Noise rElec
                  | rC++}
 44432 | Vaults:5 | Identified the ring of Apuimeun {rC+ Will+}
 44468 | Vaults:5 | Identified the +2 great mace "Ecuagiru" {heavy, rF+}
 44485 | Vaults:5 | Identified the +7 plate armour "Digakk" {rPois rN+}
 44486 | Vaults:5 | Identified the +0 pair of gloves of Ignis's Delight {rC+
                  | rCorr Str+2 Int+2}
 44533 | Vaults:5 | Identified the amulet of Ockeump {Faith rC+ Str+3 Int+2}
 44608 | Vaults:5 | Identified the amulet of Utekhlest {RegenMP rC++ Regen+
                  | rCorr Dex-5}
 44609 | Vaults:5 | Identified the +5 arbalest "Hahikal" {drain, rF+ rN+ Str-5
                  | Int+3}
 44911 | Vaults:5 | Received a gift from Trog
 44912 | Vaults:5 | Reached skill level 14 in Throwing
 44963 | Vaults:5 | Got a silver rune of Zot
 45250 | Vaults:5 | Noticed an ancient lich
 45268 | Vaults:5 | Killed an ancient lich
 45274 | Vaults:5 | Identified the +2 robe "Ureurob" {*Slow rElec rC+ Dex+8}
 45313 | Vaults:5 | Acquired 1332 gold pieces
 45378 | Vaults:5 | Identified the +6 hand axe "Nufaug" {distort, rF+ Int+3
                  | Dex-5 Stlth+}
 45378 | Vaults:5 | Identified the +1 cloak of Funtuciz {rC- rN+++ rCorr Str+6}
 45791 | Depths:1 | Entered Level 1 of the Depths
 45804 | Depths:1 | Reached skill level 20 in Dodging
 45824 | Depths:1 | Reached skill level 10 in Evocations
 45932 | Depths:1 | Found Reumnue's Antique Weapon Emporium.
 45984 | Depths:1 | Found a gateway to Hell.
 46056 | Depths:1 | Found a glowing silver altar of Zin.
 46124 | Depths:1 | Reached skill level 15 in Throwing
 46520 | Depths:2 | Reached XP level 24. HP: 249/249 MP: 23/23
 46716 | Depths:2 | Found a one-way gate leading to the halls of Pandemonium.
 46887 | Depths:2 | Received a gift from Trog
 47069 | Depths:2 | Found a one-way gateway to a ziggurat.
 47079 | Depths:2 | Reached skill level 21 in Dodging
 47356 | Depths:2 | Noticed a juggernaut
 47587 | Depths:2 | Killed a juggernaut
 47595 | Depths:2 | Identified the +6 glaive of Hospitality {freeze, rF+}
 47599 | Depths:2 | Identified the +2 war axe "Nuqecu" {elec, Drain rF- Dex+6}
 47615 | Depths:2 | Reached skill level 16 in Throwing
 47615 | Depths:2 | Reached XP level 25. HP: 257/257 MP: 23/23
 47844 | Depths:3 | Reached skill level 22 in Armour
 47920 | Depths:3 | Received a gift from Trog
 47924 | Depths:3 | Reached skill level 22 in Dodging
 47979 | Depths:3 | Reached skill level 11 in Evocations
 47986 | Depths:3 | Found the +6 shillelagh "Devastator" {shatter}
 48211 | Depths:3 | Found a one-way gate to the infinite horrors of the Abyss.
 48431 | Depths:3 | Found a glowing golden altar of the Shining One.
 48557 | Depths:4 | Entered Level 4 of the Depths
 48657 | Depths:4 | Noticed a juggernaut
 48717 | Depths:4 | Reached skill level 23 in Dodging
 48739 | Depths:4 | Received a gift from Trog
 48875 | Depths:4 | Found a transporter.
 48877 | Depths:4 | Identified the +1 great mace of Glory {heavy, +Blink Dex+4
                  | SInv Stlth-}
 48877 | Depths:4 | Noticed porpoise's ghost (veteran GrEE)
 48878 | Depths:4 | Found a transporter.
 48878 | Depths:4 | Identified the +6 great mace of the Mashing Gods {freeze,
                  | rPois}
 48906 | Depths:4 | Noticed a juggernaut
 48917 | Depths:4 | Killed a juggernaut
 49193 | Depths:4 | Reached skill level 24 in Dodging
 49225 | Depths:4 | Reached skill level 12 in Evocations
 49315 | Depths:4 | Found a gate to the Realm of Zot.
 49518 | Depths:4 | Noticed Xtahua
 49540 | Depths:4 | Killed Xtahua
 49667 | Depths:4 | Reached skill level 23 in Armour
 49668 | Depths:4 | Killed porpoise's ghost
 49676 | Depths:4 | Reached XP level 26. HP: 214/266 MP: 23/23
 49680 | Depths:4 | Identified the -1 pair of gloves of Perfidy {Harm rPois}
 50029 | Elf:3    | Entered Level 3 of the Elven Halls
 50203 | Elf:3    | Found Kaaklal's Book Shoppe.
 50244 | Elf:3    | Found Mafe's Assorted Antiques.
 50244 | Elf:3    | Found Sangegru's Antique Weapon Shoppe.
 50249 | Elf:3    | Found Onkoi's Antique Weapon Emporium.
 50822 | Elf:3    | Received a gift from Trog
 50903 | Elf:3    | Identified the +3 longbow of Jarr {elec, Dex+2}
 50905 | Elf:3    | Identified the +5 whip of the Feather {drain, MP+9 Int+2}
 50907 | Elf:3    | Identified the +2 gold dragon scales of Yredelemnul's Envy
                  | {rElec rPois rF+ rC+ rN++ Will+}
 51241 | Depths:4 | Upgraded the game from 0.30-a0-719-gcc4359ea44 to
                  | 0.30-a0-722-g3e6e8c874d
 51278 | Depths:4 | Voluntarily entered the Abyss.
 51323 | Abyss:1  | Reached skill level 13 in Evocations
 51807 | Abyss:4  | Found a corrupted altar of Lugonu.
 51872 | Abyss:4  | Got an abyssal rune of Zot
 51876 | Depths:4 | Escaped the Abyss
 52222 | Slime:1  | Entered Level 1 of the Pits of Slime
 52674 | Slime:2  | HP: 65/266 [rockslime (12)]
 52676 | Slime:2  | Received a gift from Trog
 52685 | Slime:1  | Reached skill level 24 in Armour
 52774 | Slime:2  | Reached skill level 25 in Dodging
 53407 | Slime:3  | Noticed Dissolution
 53416 | Slime:2  | Killed Dissolution
 53574 | Slime:3  | Reached skill level 14 in Evocations
 53845 | Slime:4  | Paralysed by a floating eye for 3 turns
 53919 | Slime:5  | Entered Level 5 of the Pits of Slime
 53925 | Slime:5  | Received a gift from Trog
 54012 | Slime:5  | Noticed the Royal Jelly
 54110 | Slime:5  | Killed the Royal Jelly
 54278 | Slime:5  | Found the +8 Vampire's Tooth {megavamp}
 54285 | Slime:5  | Got a slimy rune of Zot
 54288 | Slime:5  | Identified the +5 quarterstaff "Beastslayer" {speed, Str+4
                  | Int-4}
 54318 | Slime:5  | Identified the +1 scale mail "Kiavixio" {Regen+}
 54327 | Slime:5  | Identified the +0 dire flail of Boqout {heavy, rElec Dex+5}
 54329 | Slime:5  | Identified the +1 morningstar "Daocecext" {venom, Str+4}
 54340 | Slime:5  | Identified the ring of the Shining Light {*Slow rElec Str+4
                  | Int+6}
 54344 | Slime:5  | Identified the +3 leather armour of Freezing Amelioration
                  | {Regen+}
 54387 | Slime:5  | Identified the +0 war axe "Pes Vaath" {antimagic, rC+
                  | Dex+5}
 54777 | Slime:4  | Gained mutation: You are weak. (Str -2) [a shining eye]
 54781 | Slime:4  | Gained mutation: You do not regenerate when monsters are
                  | visible. [a shining eye]
 54815 | Slime:4  | Gained mutation: You have hidden genetic defects. [a
                  | shining eye]
 54816 | Slime:4  | Gained mutation: Your body sometimes deteriorates upon
                  | taking damage. [a shining eye]
 55078 | Slime:4  | Lost mutation: You do not regenerate when monsters are
                  | visible. [potion of mutation]
 55078 | Slime:4  | Lost mutation: You are weak. (Str -2) [potion of mutation]
 55078 | Slime:4  | Gained mutation: Your spells are a little harder to cast,
                  | but a little more powerful. [potion of mutation]
 55078 | Slime:4  | Gained mutation: You are robust. (+10% HP) [potion of
                  | mutation]
 55079 | Slime:4  | Lost mutation: You are robust. (+10% HP) [potion of
                  | mutation]
 55079 | Slime:4  | Lost mutation: You occasionally lose the ability to read
                  | scrolls when taking damage. [potion of mutation]
 55079 | Slime:4  | Gained mutation: You are highly strong-willed. (Will++)
                  | [potion of mutation]
 55079 | Slime:4  | Gained mutation: You are agile. (Dex +4, Str/Int -1)
                  | [potion of mutation]
 55079 | Slime:4  | Gained mutation: You are robust. (+10% HP) [potion of
                  | mutation]
 55447 | Zot:1    | Entered Level 1 of the Realm of Zot
 55529 | Zot:1    | Received a gift from Trog
 55623 | Zot:1    | Reached XP level 27. HP: 300/300 MP: 23/23
 55830 | Zot:1    | Found the +3 pair of seven-league boots {Rampage+∞}
 56063 | Zot:2    | You are sucked into a shaft and drop 2 floors!
 56067 | Zot:4    | Reached skill level 25 in Armour
 56108 | Zot:4    | Noticed Vv
 56124 | Zot:4    | Killed Vv
 56159 | Zot:4    | Noticed Grunn
 56173 | Zot:4    | Killed Grunn
 56195 | Zot:3    | Gained mutation: You are weak. (Str -2) [hidden defects]
 56225 | Zot:3    | Reached skill level 15 in Evocations
 56245 | Zot:3    | Reached skill level 17 in Throwing
 56503 | Zot:2    | Reached skill level 26 in Dodging
 57490 | Zot:2    | Gained mutation: You occasionally shout uncontrollably at
                  | your foes. [hidden defects]
 57490 | Zot:2    | Lost mutation: You have hidden genetic defects. [hidden
                  | defects expressed]
 57705 | Zot:3    | Found a runed translucent gate.
 57705 | Zot:3    | Found a runed translucent gate.
 57705 | Zot:3    | Found a runed translucent gate.
 57708 | Zot:3    | Noticed Gofuck's ghost (veteran DgAE)
 57921 | Zot:4    | Noticed a dread lich
 57951 | Zot:4    | Killed a dread lich
 57952 | Zot:4    | Reached skill level 18 in Throwing
 57953 | Zot:4    | Received a gift from Trog
 58992 | Zot:5    | Entered Level 5 of the Realm of Zot
 59160 | Zot:5    | Noticed an orb of fire
 59166 | Zot:5    | Found a transporter.
 59303 | Zot:5    | Found a transporter.
 59323 | Zot:5    | Found a transporter.
 59412 | Zot:5    | Reached skill level 16 in Evocations
 59412 | Zot:5    | Found a transporter.
 59479 | Zot:5    | Killed an orb of fire
 59480 | Zot:5    | Reached skill level 26 in Armour
 59494 | Zot:5    | Reached skill level 19 in Throwing
 59711 | Zot:5    | Found a transporter.
 59718 | Zot:5    | Found a transporter.
 59737 | Zot:5    | Found a transporter.
 59824 | Zot:5    | Found a transporter.
 59901 | Zot:5    | Noticed an orb of fire
 59901 | Zot:5    | Noticed an ancient lich
 59906 | Zot:5    | Lost mutation: You are robust. (+10% HP) [an orb of fire]
 59913 | Zot:5    | Lost mutation: You are agile. (Dex +4, Str/Int -1) [an orb
                  | of fire]
 59917 | Zot:5    | Killed an orb of fire
 59920 | Zot:5    | Killed an ancient lich
 59974 | Zot:5    | Received a gift from Trog
 60127 | Zot:5    | Noticed an orb of fire
 60135 | Zot:5    | Killed an orb of fire
 60470 | Zot:5    | Got the Orb of Zot
 60961 | D:$      | Escaped with the Orb!

Illustrated notes

Levels and vault maps discovered:
D:1:      tarquinn_simple_flora_water_a, layout_loops_ring, serial_shops,
          nicolae_shop_hallway_stairs
D:2:      layout_rooms, basic_altar, serial_shops, shop, uniq_terence,
          uniq_robin
D:3:      layout_rooms, led_sif_pool, uniq_jessica
D:4:      layout_rooms, mainiacjoe_overflow_24_doors, kennysheep_little_box,
          mainiacjoe_overflow_alcove_1, minmay_shop_enchanted_jewellery,
          uniq_eustachio, uniq_ijyb, uniq_duvessa
D:5:      layout_basic, trog_three_pillars_becter,
          gammafunk_temple_overflow_wave, minmay_temple_entry_junction,
          serial_curves, eino_curves_03, eino_curves_01, eino_curves_04,
          dreamdust_wishing_well
D:6:      layout_loops_ring, corexii_shack, uniq_edmund
D:7:      minmay_octagon_keep, layout_cave_pools, doesnt_xom_only_xom,
          wad_mini_maze
D:8:      layout_loops_ring, kiku_gazebo_pond_becter, uniq_gastronok
D:9:      layout_cave_pools, corexii_leaking_fountain, minmay_fractal_squares_5
D:10:     layout_roguey, mainiacjoe_overflow_paths, uniq_urug
D:11:     layout_loops_ring, erik_lair_island, hellmonk_ghost_big_iron,
          uniq_erica
D:12:     layout_long_grid, orc_0_dummy, serial_shops, bzr_entry_safe,
          serial_ice, serial_ice_c, serial_ice_j, serial_ice_d, serial_ice_o
D:13:     layout_roguey, david_vaults_2
D:14:     layout_basic, grunt_decor_resistance, lemuel_flame_loot_1
D:15:     grunt_enter_depths_hoard, layout_irregular_city,
          minmay_misc_feat_five, minivault_25_ag, hex_medium,
          nicolae_ru_great_annihilating_truth, uniq_azrael
Lair:1:   layout_loops_ring, uniq_maggie
Lair:2:   layout_cave_pods, guppyfry_snake_entry_island, uniq_sonja
Lair:3:   layout_roguey, elwin_shoals_entry_stream
Lair:4:   dreamdust_isle_of_ice, layout_regular_city, slime_entry_1,
          st_stairs_12, lemuel_fruit_fields, serial_bayou_shore_b
Lair:5:   hangedman_lair_in_review, layout_cave_pods
Shoals:1: layout_shoals, nicolae_shoals_lost_giant_hut,
          nicolae_shoals_arrival_archipelago, uniq_josephine
Shoals:2: cheibrodos_shoals_baths, layout_shoals, serial_shops, shop,
          shop_fountains, nicolae_shop_trees, nicolae_shop_trees,
          nicolae_shoals_songs, uniq_frances
Shoals:3: layout_shoals, hangedman_shoals_cup_caves, uniq_ilsuiw,
          uniq_polyphemus
Shoals:4: shoals_end_simple, layout_shoals, shoals_ilsuiw_ice,
          nicolae_shoals_beach_house_on_fowls_legs
Snake:1:  nicolae_snake_unarmed_stairs_patrol, layout_layer_cave,
          uniq_mlioglotl, uniq_nikola
Snake:2:  layout_misc_corridors, portal_ice_cave_entry_pillars_three,
          serial_shops, nicolae_stop_n_shop_2, uniq_aizul
Snake:3:  layout_basic, serial_shops, bzr_in_the_mist, grunt_megastairs_3,
          uniq_kirke, uniq_mara
Snake:4:  snake_pit, layout_grid_maze, basic_altar,
          nicolae_shop_i_like_big_books, serial_bayou_shore_b, uniq_vashnia
Slime:1:  layout_caves
Slime:2:  layout_caves, nicolae_slime_welcoming_committee
Slime:3:  layout_caves, uniq_dissolution
Slime:4:  layout_caves
Slime:5
Orc:1:    layout_caves, basic_altar
Orc:2:    grunt_orc_community_town_hall, layout_diamond_mine,
          grunt_orc_community_big_house_2, grunt_orc_community_big_house_1,
          grunt_orc_community_house_1, grunt_orc_community_house_3,
          grunt_orc_community_house_1, grunt_orc_community_house_3,
          grunt_orc_community_house_3, serial_shops, shop_statue,
          nicolae_orc_sculptors_studio, uniq_saint_roka, uniq_erolcha
Elf:1:    minmay_elf_arrival_plus, layout_gridlike, serial_shops,
          nicolae_shop_behind_doors, orc_legates, moated_statue, fountainhead,
          grunt_megastairs_1, minmay_shop_star
Elf:2:    nicolae_elf_blades_crystal_corner, layout_gridlike, serial_shops,
          nicolae_shop_hallway_stairs, serial_nicolae_subway,
          nicolae_sub_station_stone, nicolae_sub_station_crystal,
          nicolae_sub_station_metal, uniq_jorgrun, uniq_zenata
Elf:3:    grunt_elf_hall_asides, layout_loops_ring, minmay_shoptagon
Vaults:1: v_rooms_4, vaults_room_hallway, ontoclasm_vaults_shuriken,
          hangedman_vaults_stretched_pinwheel, grunt_vaults_swirl, v_pattern_1,
          vaults_room_fancy_cross, ontoclasm_vaults_spin,
          grunt_vaults_hallway_short, vaults_room_mumra_shop_pool,
          ontoclasm_vaults_ligature, nicolae_vaults_three_branches,
          layout_vaults_maze_snakey, uniq_donald
Vaults:2: v_pattern_2, nicolae_vaults_angled_halls, hangedman_vaults_impose,
          hangedman_vaults_restitches, vaults_room_pools,
          hangedman_vaults_snaps, hangedman_vaults_unwind,
          ontoclasm_vaults_twist, v_misc_15, vaults_room_stairs_pillars,
          v_misc_19, nicolae_vaults_little_squares_3, layout_vaults_ring,
          serial_shops, nicolae_shop_stone, uniq_boris
Vaults:3: gammafunk_ghost_wrathful_warriors, minmay_crypt_entry_simple_sparse,
          v_misc_4, v_alt_pattern_2, nicolae_vaults_border_crossing,
          v_alt_pattern_6, dpeg_vaults_monster_box,
          vaults_mumra_minichess_inversion, vaults_room_hallway,
          vaults_dpeg_ring, hangedman_vaults_impose, vaults_room_ringed_pool,
          layout_vaults_omnibox, serial_shops, nicolae_shop_trees, uniq_jory
Vaults:4: nicolae_vaults_circle_grid_a, hangedman_vaults_stagger, v_misc_22,
          v_misc_8, nicolae_vaults_rhombus_5, vaults_room_semicircle,
          vaults_room_fours, nicolae_vaults_little_squares_3,
          layout_vaults_omnigrid, serial_shops, nicolae_shop_hallway_plus
Vaults:5
Crypt:1:  hangedman_screamer, layout_gridlike, amcnicky_mini_corridor_feature,
          grunt_crypt_arrival_webbed
Crypt:2:  layout_chaotic_city, uniq_khufu
Crypt:3:  due_elkab, layout_chaotic_city, tomb_entry_simple_bobbens,
          serial_sigils_hangedman_shear
Depths:1: layout_cave_pools, serial_shops, nicolae_shop_hallway_stairs,
          minmay_misc_feat_plants, pf_vacation_house_of_asmodeus,
          chequers_serial_rivers_micro_e, zin_statuary
Depths:2: giant_chief_lemuel, layout_honeycomb, enter_ziggurat_a,
          grunt_pan_entry_in_and_out, hell_entry
Depths:3: minmay_roctagon, layout_cave_pools, pan_entry, abyss_entry,
          grunt_hell_entry_dis_mu, tso_altar
Depths:4: grunt_twist_and_shout, layout_gridlike, nicolae_lava_and_water,
          hell_entry, abyss_entry, gammafunk_ghost_smash, uniq_xtahua
Zot:1:    layout_misc_corridors, hangedman_spider_trapstep
Zot:2:    layout_basic, uniq_josephina
Zot:3:    layout_gridlike, gammafunk_ghost_tricky_traps, hangedman_zot_gyre
Zot:4:    ebering_klown_carousel, layout_cathedral_of_symmetry, uniq_vv,
          uniq_grunn
Zot:5:    layout_basic, nicolae_transporter_intersection

Skill      XL: |  1  2  3  4  5  6  7  8  9 10 11 12 13 14 15 16 17 18 19 20 21 22 23 24 25 26 27 |
---------------+----------------------------------------------------------------------------------+-----
Axes           | 4 5 6 8 10 11 14 16 17 19 20 21 22 23 24 | 24.0
Spellcasting   | 1 |  1.2
Shields        | 6 7 |  7.5
Fighting       | 5 7 9 10 11 13 16 19 21 23 24 25 26 27 | 27.0
Armour         | 5 7 8 10 11 12 13 14 15 17 18 19 20 21 23 24 26 | 26.4
Dodging        | 4 6 8 9 10 11 12 13 14 15 16 17 18 19 20 21 24 25 26 | 26.9
Evocations     | 3 5 6 8 10 12 14 16 | 16.5
Throwing       | 5 8 9 12 15 16 19 | 19.9

Action                     |  1- 3 |  4- 6 |  7- 9 | 10-12 | 13-15 | 16-18 | 19-21 | 22-24 | 25-27 || total
---------------------------+-------+-------+-------+-------+-------+-------+-------+-------+-------++-------
  Melee: Hand axe          |    79 |    79 |   144 |    23 |       |       |       |       |       ||   325
         Headbutt          |     9 |     6 |    26 |    72 |   143 |   173 |   165 |   252 |   325 ||  1171
         Punch             |     1 |       |       |       |       |       |       |       |       ||     1
         Unarmed           |       |     6 |       |       |       |       |       |       |     3 ||     9
         Battleaxe         |       |       |       |   364 |    51 |       |       |       |       ||   415
         Executioner's axe |       |       |       |       |   629 |   718 |   785 |   900 |  1196 ||  4228
         Glaive            |       |       |       |       |       |       |       |     9 |       ||     9
  Throw: Javelin           |       |       |       |       |       |       |       |     3 |    17 ||    20
 Invoke: Berserk           |     1 |     4 |     7 |     7 |     4 |     6 |     6 |     2 |     6 ||    43
         Brothers in Arms  |       |       |       |     3 |     9 |    10 |     1 |     5 |    12 ||    40
         Trog's Hand       |       |       |       |     1 |     5 |     8 |     3 |     3 |    10 ||    30
  Evoke: Wand              |       |       |       |    15 |       |       |       |       |     3 ||    18
         Phial of floods   |       |       |       |     1 |       |       |       |       |       ||     1
    Use: Scroll            |       |       |     8 |    13 |    18 |     4 |     5 |     6 |     8 ||    62
         Potion            |       |       |     1 |     2 |     1 |       |     4 |     2 |     3 ||    13
   Stab: Sleeping          |       |     1 |     1 |       |       |       |       |       |       ||     2
         Petrified         |       |       |       |       |       |       |     2 |       |       ||     2
         Distracted        |       |       |       |       |       |       |       |     1 |     2 ||     3
         Invisible         |       |       |       |       |       |       |       |     1 |       ||     1
 Armour: Ring mail         |    34 |     1 |       |       |       |       |       |       |       ||    35
         Scale mail        |       |    17 |       |       |       |       |       |       |       ||    17
         Robe              |       |     7 |    28 |     9 |       |       |       |       |       ||    44
         Chain mail        |       |       |       |    14 |       |       |       |       |       ||    14
         Steam dragon scal |       |       |       |    20 |       |       |       |       |       ||    20
         Acid dragon scale |       |       |       |    38 |       |       |       |       |       ||    38
         Troll leather arm |       |       |       |    28 |    34 |    11 |       |       |       ||    73
         Plate armour      |       |       |       |       |   340 |       |       |       |       ||   340
         Ice dragon scales |       |       |       |       |    32 |    66 |   324 |   391 |   555 ||  1368
         Leather armour    |       |       |       |       |       |   218 |       |       |       ||   218
  Dodge: Dodged            |    40 |    36 |    70 |   189 |   468 |   470 |   552 |   486 |  1012 ||  3323
  Block: Kite shield       |       |    10 |    58 |    14 |       |       |       |       |       ||    82
         Other             |       |       |       |    91 |   160 |   108 |   109 |   130 |   182 ||   780
         Reflection        |       |       |       |     2 |     4 |       |       |       |       ||     6

Table legend: (Time is in decaauts)
 A = Elapsed time spent in this place.
 B = Non-inter-level travel time spent in this place.
 C = Inter-level travel time spent in this place.
 D = Time resting spent in this place.
 E = Time spent auto-exploring this place.
 F = Levels seen in this place.
 G = Mean time per level.
                   A        B        C        D        E       F      G
               +--------+--------+--------+--------+--------+-----+--------+
         Total |  60697 |  54490 |   6207 |   5682 |  37335 |  62 |  979.0 |
       Dungeon |  15919 |  14007 |   1912 |   1650 |  10033 |  15 | 1061.3 |
          Lair |   5965 |   4893 |   1072 |    232 |   3788 |   5 | 1193.0 |
        Shoals |   3691 |   3521 |    170 |     91 |   2697 |   4 |  922.8 |
     Snake Pit |   5563 |   5177 |    386 |    405 |   3785 |   4 | 1390.8 |
    Slime Pits |   2963 |   2668 |    295 |    452 |   1690 |   5 |  592.6 |
  Orcish Mines |   2097 |   1747 |    350 |    127 |   1127 |   2 | 1048.5 |
   Elven Halls |   3273 |   2894 |    379 |    184 |   1924 |   3 | 1091.0 |
        Vaults |   6839 |   6189 |    650 |    855 |   4100 |   5 | 1367.8 |
         Crypt |   3510 |   3333 |    177 |    695 |   1752 |   3 | 1170.0 |
        Depths |   4235 |   3702 |    533 |    312 |   2575 |   4 | 1058.8 |
           Zot |   5178 |   4897 |    281 |    551 |   3224 |   5 | 1035.6 |
         Abyss |    567 |    567 |      0 |      0 |    241 |   4 |  141.8 |
        Bazaar |    157 |    157 |      0 |      0 |    124 |   2 |   78.5 |
      Ice Cave |    736 |    736 |      0 |    123 |    273 |   1 |  736.0 |
               +--------+--------+--------+--------+--------+-----+--------+

Top non-repeatable levels by time:
     D:6: 1952 daAuts
 Snake:1: 1764 daAuts
 Crypt:3: 1714 daAuts
Vaults:5: 1632 daAuts
Vaults:1: 1572 daAuts
   Orc:2: 1566 daAuts
 Snake:3: 1499 daAuts
   Zot:5: 1491 daAuts
 Snake:4: 1490 daAuts
Depths:2: 1409 daAuts
Depths:4: 1384 daAuts
  Lair:1: 1366 daAuts
    D:11: 1365 daAuts
   Elf:1: 1320 daAuts
     D:5: 1294 daAuts

Table legend:
 A = Kills in this place as a percentage of kills in entire the game.
 B = Kills by you in this place as a percentage of kills by you in the entire game.
 C = Kills by friends in this place as a percentage of kills by friends in the entire game.
 D = Other kills in this place as a percentage of other kills in the entire game.
 E = Experience gained in this place as a percentage of experience gained in the entire game.
 F = Experience gained in this place divided by the number of levels of this place that you have seen.
                   A       B       C       D       E      F
               +-------+-------+-------+-------+-------+----------------------
         Total | 100.0 | 100.0 | 100.0 | 100.0 | 100.0 | 24323.0
       Dungeon |  16.0 |  16.4 |   6.7 |   0.0 |   4.3 | 4329.7
          Lair |   6.6 |   6.4 |  10.7 |  50.0 |   3.2 | 9582.8
        Shoals |   7.4 |   7.7 |   0.0 |   0.0 |   6.6 | 25020.5
     Snake Pit |   7.4 |   7.0 |  18.7 |   0.0 |   7.2 | 27207.5
    Slime Pits |   6.9 |   7.1 |   0.0 |   0.0 |   7.1 | 21452.8
  Orcish Mines |   6.8 |   5.8 |  40.0 |   0.0 |   1.3 | 9974.0
   Elven Halls |   6.8 |   7.0 |   1.3 |   0.0 |   8.1 | 40547.3
        Vaults |  12.9 |  13.2 |   4.0 |   0.0 |  17.5 | 52889.0
         Crypt |   8.4 |   8.7 |   0.0 |   0.0 |   8.6 | 43468.3
        Depths |   9.7 |   9.6 |  10.7 |  50.0 |  14.3 | 54046.0
           Zot |   7.9 |   7.9 |   8.0 |   0.0 |  19.1 | 57523.4
         Abyss |   1.8 |   1.9 |   0.0 |   0.0 |   1.5 | 5669.2
      Ice Cave |   1.4 |   1.5 |   0.0 |   0.0 |   1.1 | 16073.0
               +-------+-------+-------+-------+-------+----------------------
